Map: Emerald City LE

Players

qqq

  • Race: Zerg Zerg
  • Spawn Location: 5:00

Massa

  • Race: Terran Terran
  • League: Gold
  • Spawn Location: 5:00

FunK - Winner!

  • Race: Zerg Zerg
  • Spawn Location: 11:00

Idra - Winner!

  • Race: Protoss Protoss
  • Spawn Location: 11:00

VOD

Have the link to the VOD?

Description

Time

  • Played on: June 22, 2020, 2:40 p.m.
  • Length: 11:48
Show
View Real Time Build Order
Export as new Build Order

qqq Zerg 

Build Orders: Hatch First 

Get SALT Encoding   

  12  0:03  Drone  
  13  0:08  Drone  
  14  0:36  Hatchery  
  13  1:01  Drone, Spawning Pool, Overlord  
  13  1:06  Drone  
  13  1:09  Extractor  
  13  1:17  Drone  
  15  1:32  Drone  
  15  1:48  Queen  
  15  1:52  Drone  
  15  1:53  Zergling x4  
  20  1:59  Overlord  
  20  2:01  Drone  
  21  2:18  Metabolic Boost  
  21  2:26  Drone x2  
  21  2:28  Zergling x6  
  26  2:39  Drone  
  26  2:41  Queen  
  29  2:49  Roach Warren  
  28  2:51  Zergling x2  
  28  2:55  Drone  
  28  2:58  Drone  
  31  3:07  Drone x3  
  34  3:16  Overlord  
  34  3:17  Zergling x2  
  35  3:25  Drone  
  36  3:27  Overlord  
  36  3:30  Overlord  
  36  3:40  Zergling x2  
  36  3:41  Zergling x2  
  35  3:42  Zergling x4  
  35  3:50  Zergling x6  
  36  4:02  Spine Crawler  
  35  4:03  Spine Crawler  
  35  4:05  Zergling x2  
  35  4:12  Zergling x2  
  36  4:20  Roach  
  36  4:21  Roach  
  35  4:43  Zergling x4  
  35  4:45  Roach x5  
  43  4:58  Roach x2  
  43  4:59  Drone x2  
  49  5:04  Queen  
  51  5:15  Roach  
  51  5:16  Drone  
  54  5:23  Roach  
  54  5:24  Baneling Nest  
  54  5:25  Drone  
  56  5:32  Drone  
  56  5:33  Roach  
  59  5:50  Overlord x2  
  59  6:00  Hatchery, Lair  
  58  6:04  Roach  
  58  6:08  Baneling x4  
  58  6:09  Baneling x2  
  60  6:13  Zergling x4  
  60  6:14  Drone  
  60  6:16  Drone  
  64  6:21  Drone  
  64  6:22  Extractor  
  64  6:24  Roach  
  57  6:44  Drone  
  57  6:46  Zergling x2, Roach  
  57  6:47  Zergling x2  
  61  7:03  Roach  
  62  7:09  Drone x2  
  62  7:10  Roach  
  65  7:35  Roach x2  
  65  7:40  Spine Crawler  
  65  7:42  Spore Crawler  
  65  7:43  Overseer  
  48  7:45  Roach  
  48  7:50  Drone x2  
  48  7:51  Drone x4  
  34  8:16  Spore Crawler  
  34  8:17  Spine Crawler  
  32  8:25  Spine Crawler  
  32  8:26  Drone x3  
  32  8:27  Drone x3  
  36  8:28  Drone x3  
  36  8:32  Spine Crawler  
  36  8:33  Pneumatized Carapace  
  39  8:46  Spore Crawler  
  39  8:47  Drone, Spine Crawler  
  38  8:56  Queen  
  37  9:08  Drone x3  
  38  9:33  Drone x6  
  38  9:35  Drone x2  
  46  9:47  Drone  
  46  9:49  Hydralisk Den  
  46  9:59  Queen  
  48  10:03  Spore Crawler  
  48  10:04  Spore Crawler  
  46  10:13  Spore Crawler  
  45  10:17  Drone x2, Overlord  
  45  10:18  Drone  
  45  10:19  Drone x5  
  53  10:25  Grooved Spines  
  53  10:27  Hydralisk  
  55  10:32  Hydralisk  
  55  10:34  Drone  
  58  10:55  Drone x3  
  54  10:57  Zergling x2, Roach x2  
  57  11:05  Spine Crawler  
  57  11:10  Drone, Spine Crawler  
  57  11:11  Drone x2  
  58  11:24  Roach x3  
  58  11:25  Roach  
Show
View Real Time Build Order
Export as new Build Order

Massa Terran 

Build Orders:  

Get SALT Encoding   

  12  0:09  SCV  
  13  0:17  Supply Depot  
  13  0:21  SCV  
  14  0:33  SCV  
  15  0:41  Barracks  
  15  0:45  SCV  
  16  0:58  SCV  
  17  1:10  SCV  
  18  1:22  SCV  
  19  1:34  Marine  
  21  1:43  Orbital Command  
  21  1:47  Refinery  
  20  1:50  Refinery  
  20  1:52  Barracks, Marine  
  21  2:12  Marine  
  22  2:28  Supply Depot  
  22  2:30  Marine  
  22  2:50  Marine  
  23  3:08  Barracks  
  23  3:17  Supply Depot  
  23  3:19  Supply Depot  
  23  3:26  Supply Depot  
  23  3:33  Supply Depot  
  23  3:38  Marine x2  
  24  3:49  Supply Depot  
  22  3:56  Marine x2  
  22  3:59  Bunker  
  22  4:01  Marine  
  23  4:09  Factory  
  23  4:11  SCV  
  23  4:14  Marine x2  
  25  4:19  Marine  
  25  4:23  SCV  
  27  4:32  Marine x2  
  27  4:35  SCV  
  27  4:36  Marine  
  27  4:37  Barracks  
  31  4:47  SCV  
  31  4:49  Marine x2  
  33  4:54  Marine  
  34  5:01  Factory Tech Lab  
  34  5:07  Marine x2  
  34  5:09  Starport  
  37  5:15  Barracks Tech Lab  
  36  5:23  Siege Tank  
  39  5:28  Supply Depot  
  39  5:31  Supply Depot  
  39  5:36  Engineering Bay  
  39  5:40  Stimpack  
  39  5:50  Marauder, Marine x2  
  39  5:51  Marine  
  45  6:12  Marauder  
  46  6:19  Barracks Reactor  
  46  6:24  SCV  
  47  6:33  Marauder  
  49  6:40  Medivac  
  51  6:54  SCV  
  52  6:58  Command Center  
  51  7:06  SCV  
  52  7:10  Medivac  
  54  7:18  SCV  
  54  7:30  SCV  
  50  7:42  SCV  
  42  8:11  SCV  
  39  8:23  SCV  
  39  8:26  Marauder, Marine  
  30  8:35  SCV  
  30  8:37  Barracks Tech Lab  
  30  8:38  Barracks Tech Lab  
  30  8:40  Marine  
  32  8:44  Marine  
  32  8:47  SCV, Marauder  
  36  8:50  Medivac  
  38  8:58  Marine, Missile Turret  
  38  8:59  SCV  
  38  9:01  Missile Turret x2  
  38  9:02  Marine  
  41  9:08  Marauder x2  
  41  9:09  Marauder  
  47  9:16  Marine  
  46  9:20  Marine, Medivac  
  46  9:23  Missile Turret  
  49  9:29  Marine x2  
  49  9:30  Marauder  
  53  9:34  Marine  
  53  9:38  SCV, Marine  
  51  9:42  SCV  
  52  9:46  Marine  
  52  9:47  Marine  
  52  9:50  SCV, Missile Turret  
  52  9:51  Marauder  
  52  9:52  Marine  
  56  9:54  Widow Mine, SCV  
  56  9:55  Marine  
  59  10:02  SCV  
  61  10:11  Orbital Command  
  60  10:14  SCV  
  61  10:25  Refinery  
  61  10:26  SCV  
  62  10:34  Command Center  
  62  10:38  SCV, Supply Depot  
  63  10:45  Widow Mine  
  63  10:47  SCV  
  66  10:50  SCV  
  67  10:59  SCV  
  67  11:02  SCV  
  69  11:06  Widow Mine  
  71  11:15  SCV  
Show
View Real Time Build Order
Export as new Build Order

FunK Zerg - Winner!

Build Orders: Hatch First, Muta Ling Bane 

Get SALT Encoding   

  12  0:01  Drone  
  13  0:12  Overlord  
  13  0:16  Drone  
  14  0:41  Hatchery  
  13  0:46  Drone  
  14  0:50  Extractor  
  13  1:04  Spawning Pool  
  13  1:08  Drone  
  13  1:12  Drone  
  14  1:21  Drone  
  14  1:22  Drone  
  16  1:34  Drone  
  17  1:51  Queen  
  19  1:54  Queen  
  19  2:00  Metabolic Boost  
  21  2:09  Zergling x2  
  21  2:10  Zergling x2  
  23  2:21  Zergling x6  
  26  2:26  Zergling x4  
  28  2:33  Overlord  
  28  3:00  Zergling x4  
  28  3:01  Zergling x12  
  36  3:07  Overlord  
  36  3:26  Drone x4  
  38  3:48  Zergling x8  
  38  3:49  Zergling x4  
  39  4:04  Baneling Nest  
  39  4:06  Drone x4  
  39  4:07  Drone  
  39  4:09  Overlord  
  43  4:35  Drone  
  43  4:36  Drone x7  
  49  4:38  Extractor  
  36  5:04  Zergling x6  
  36  5:05  Zergling x4  
  41  5:12  Lair  
  41  5:17  Overlord x2  
  41  5:19  Zergling x4  
  41  5:20  Zergling x6  
  46  5:22  Queen  
  48  5:48  Drone  
  48  5:49  Drone x6, Hatchery  
  55  5:50  Drone x2  
  55  5:57  Extractor  
  55  6:03  Baneling x2  
  55  6:04  Baneling x2  
  55  6:12  Centrifical Hooks  
  55  6:13  Extractor  
  55  6:17  Spire  
  53  6:21  Drone x5  
  53  6:22  Drone x2  
  55  6:41  Zergling x14  
  59  6:47  Zergling x2  
  59  6:48  Zergling x4  
  60  7:01  Baneling x2  
  60  7:02  Baneling x4  
  52  7:08  Zergling x2  
  52  7:09  Zergling x6  
  52  7:14  Queen  
  48  7:23  Zergling x2  
  37  7:31  Zergling x2  
  37  7:32  Zergling x10  
  36  7:50  Mutalisk x2  
  12  8:13  Zergling x10  
  12  8:14  Zergling x4  
  16  8:41  Queen  
  16  8:42  Drone  
  16  8:43  Drone x9  
  28  9:23  Drone  
  28  9:24  Drone x6  
  34  9:38  Drone x4  
  32  10:08  Zergling x8  
  32  10:09  Zergling x12  
  38  10:24  Hatchery  
  37  10:36  Zergling x2  
  37  10:37  Zergling x14  
  43  11:07  Zergling x2  
  43  11:08  Zergling x10  
  49  11:17  Overlord  
Show
View Real Time Build Order
Export as new Build Order

Idra Protoss - Winner!

Build Orders:  

Get SALT Encoding   

  12  0:01  Probe  
  13  0:13  Pylon  
  13  0:18  Probe  
  14  0:30  Probe  
  15  0:36  Forge  
  15  0:49  Probe  
  16  1:00  Pylon  
  16  1:01  Probe  
  17  1:04  Pylon  
  17  1:13  Probe  
  18  1:18  Assimilator  
  18  1:22  Photon Cannon  
  18  1:25  Probe  
  18  1:29  Photon Cannon  
  19  1:43  Pylon  
  19  1:51  Probe  
  20  2:02  Photon Cannon  
  20  2:04  Probe  
  21  2:16  Probe  
  21  2:34  Probe  
  22  2:37  Assimilator  
  22  2:46  Probe  
  22  2:50  Nexus  
  23  2:58  Gateway  
  23  3:09  Assimilator  
  23  3:13  Assimilator  
  23  3:16  Probe, Pylon  
  24  3:29  Protoss Ground Weapons Level 1  
  24  3:33  Pylon  
  25  3:34  Probe  
  25  3:35  Pylon  
  25  3:54  Cybernetics Core  
  25  3:59  Probe x2  
  27  4:07  Probe x2  
  27  4:15  Probe  
  29  4:22  Probe  
  29  4:23  Gateway  
  30  4:27  Probe  
  30  4:30  Probe  
  32  4:35  Twilight Council  
  32  4:38  Probe x2  
  33  4:42  Robotics Facility  
  35  4:46  Probe x2  
  35  4:48  Warp Gate  
  37  4:54  Probe x2  
  39  5:04  Photon Cannon  
  39  5:06  Probe x2  
  41  5:18  Dark Shrine  
  41  5:21  Probe  
  41  5:22  Probe  
  41  5:25  Pylon  
  43  5:33  Warp Prism  
  45  5:42  Probe x2  
  47  5:46  Pylon  
  47  5:47  Pylon  
  47  5:54  Probe x2  
  49  6:24  Gateway  
  49  6:25  Gateway  
  49  6:30  Gateway x2  
  49  6:48  Dark Templar  
  33  7:22  Dark Templar x2  
  31  7:23  Dark Templar x2  
  36  7:35  Dark Templar  
  36  7:36  Dark Templar  
  29  8:03  Dark Templar x2  
  33  8:10  Pylon  
  33  8:11  Pylon  
  33  8:12  Pylon  
  31  8:14  Pylon  
  31  8:16  Pylon  
  29  8:36  Dark Templar x2  
  29  8:40  Dark Templar  
  35  8:49  Gateway  
  35  8:50  Gateway, Dark Templar  
  35  8:53  Gateway  
  33  9:36  Dark Templar x2  
  33  9:37  Dark Templar x4  
  41  10:13  Dark Templar  
  43  10:25  Dark Templar x2  
  43  10:26  Dark Templar x2  
  51  10:36  Archon x5  
  51  10:37  Archon x2  
  51  10:43  Zealot  
  51  10:47  Dark Templar  
  55  11:05  Dark Templar  
  43  11:48  Dark Templar  
Tags
 
Add a new tag
Caveats
  • Supply blocks, unpowered buildings, or Contaminate may cause inaccurate times.
  • Supply counts are checked every 10 seconds.